 Dungeon Crawl Stone Soup version 0.20.0-6-gd3061e9 (webtiles) character file.

68 Hasart the Chiller (level 4, -1/30 HPs)
             Began as a Demonspawn Ice Elementalist on May 28, 2017.
             Slain by a jackal (3 damage)
             ... on level 2 of the Dungeon.
             The game lasted 00:05:36 (2647 turns).

Hasart the Chiller (Demonspawn Ice Elementalist)    Turns: 2647, Time: 00:05:37

Health: -1/30      AC:  3    Str:  8    XL:     4   Next: 1%
Magic:  8/8        EV: 12    Int: 18    God:
Gold:   60         SH:  0    Dex: 15    Spells: 7/8 levels left

rFire    + . .     SeeInvis .   f - +0 dagger
rCold    + . .     Gourm    .   (no shield)
rNeg     . . .     Faith    .   a - +0 robe
rPois    .         Spirit   .   (no helmet)
rElec    .         Reflect  .   (no cloak)
rCorr    .         Harm     .   o - +0 pair of gloves
MR       .....                  (no boots)
Stlth    +++.......             (no amulet)
Regen    0.1/turn               n - ring of protection from fire
MPRegen  0.2/turn               (no ring)

@: no status effects
A: thin skeletal structure 1, cold resistance 1, nightstalker 1
a: no special abilities


You were on level 2 of the Dungeon.
You were hungry.

You visited 1 branch of the dungeon, and saw 2 of its levels.

You collected 60 gold pieces.

Inventory:

Hand Weapons
 f - a +0 dagger (weapon)
Armour
 a - a +0 robe (worn)
 o - a +0 pair of gloves (worn)
Jewellery
 n - a ring of protection from fire (left hand)
Scrolls
 d - 2 scrolls of identify {unknown}
 g - a scroll of noise {unknown}
Potions
 e - a potion of flight {unknown}
 h - a potion of lignification {unknown}
 i - a potion of berserk rage {unknown}
 k - 2 potions of haste {unknown}
 l - a potion of degeneration {unknown}
 m - a potion of curing {unknown}
 p - a potion of heal wounds {unknown}
Books
 b - a book of Frost

   Spells                             Type                      Level
   a - Freeze                         Ice                          1
   b - Throw Frost                    Conjuration/Ice              2
   c - Ozocubu's Armour               Charms/Ice                   3
   d - Throw Icicle                   Conjuration/Ice              4
   e - Summon Ice Beast               Ice/Summoning                4
Comestibles
 c - 2 bread rations
 j - a royal jelly
 q - 4 fruits


   Skills:
 - Level 1.7 Dodging
 - Level 1.7 Stealth
 + Level 2.7 Spellcasting
   Level 1.0 Conjurations
 * Level 3.9 Ice Magic


You had 7 spell levels left.
You knew the following spells:

 Your Spells              Type           Power        Failure   Level  Hunger
a - Freeze                Ice            ###.         3%          1    None


Dungeon Overview and Level Annotations

Branches:
Dungeon (2/15)

Altars:
Nemelex Xobeh
Ru


Innate Abilities, Weirdness & Mutations

You have a somewhat thin skeletal structure. (Dex +2, Stealth)
Your flesh is cold resistant. (rC+)
You are slightly more attuned to the shadows.


Message History

* * * LOW HITPOINT WARNING * * *
The jackal misses you. The jackal closely misses you.
The jackal barely misses you. The jackal bites you.
* * * LOW HITPOINT WARNING * * *
The jackal closely misses you. The jackal closely misses you.
The jackal bites you but does no damage.
The jackal closely misses you. The jackal misses you.
The jackal completely misses you. The jackal closely misses you.
The jackal barely misses you. The jackal barely misses you.
The jackal bites you but does no damage.
The jackal closely misses you. The jackal bites you.
* * * LOW HITPOINT WARNING * * *
The jackal bites you.
You die...

#+# .## #.# .. #.#
>. ##.## #.
#####...###### #.
#†............
#>#.####.###...#####
#..h@.††.# ##.##
###.###### #.# # #.
#.# #### #. #.# ...#
.. #.# ##.# ## #.#
##.####### ###.# #
.........# ##...##
## .#######.#
#..#..#####.


You could see a jackal.

Vanquished Creatures
  An adder (D:2)
  7 dart slugs (D:1)
  A leopard gecko (D:2)
  3 ball pythons
  2 bats
  8 goblins
  6 hobgoblins
  A jackal (D:2)
  4 frilled lizards
  4 kobolds
  7 rats
44 creatures vanquished.

Notes
Turn   | Place    | Note
-------+----------+-------------------------------------------
     0 | D:1      | Hasart the Demonspawn Ice Elementalist began the quest for the Orb.
     0 | D:1      | Reached XP level 1. HP: 13/13 MP: 3/3
   191 | D:1      | Reached skill level 3 in Ice Magic
   230 | D:1      | Found a sparkling altar of Nemelex Xobeh.
   369 | D:1      | Gained mutation: You have a somewhat thin skeletal structure. (Dex +2, Stealth) [demonic ancestry]
   369 | D:1      | Reached XP level 2. HP: 17/19 MP: 0/5
  1248 | D:1      | Gained mutation: Your flesh is cold resistant. (rC+) [demonic ancestry]
  1248 | D:1      | Reached XP level 3. HP: 16/24 MP: 2/6
  2405 | D:2      | Found a sacrificial altar of Ru.
  2567 | D:2      | Gained mutation: You are slightly more attuned to the shadows. [demonic ancestry]
  2567 | D:2      | Reached XP level 4. HP: 30/30 MP: 4/8
  2647 | D:2      | Slain by a jackal

Skill      XL: |  1 |
---------------+----+-----
Ice Magic      | 3 |  3.9
Dodging        | |  1.7
Stealth        | |  1.7
Spellcasting   | |  2.7
Conjurations   | |  1.0

Action                   |  1- 3 |  4- 6 || total
-------------------------+-------+-------++-------
Melee: Club              |    26 |       ||    26
       Dagger            |    29 |     1 ||    30
 Cast: Freeze            |    57 |     1 ||    58
 Stab: Sleeping          |     3 |       ||     3
  Eat: Chunk             |     5 |       ||     5
Armor: Robe              |    24 |    26 ||    50
Dodge: Dodged            |    70 |    61 ||   131
